 Dungeon Crawl Stone Soup version 0.30.1-11-g7821555f0a (webtiles) character file.

Game seed: 11635180261198694934

662 BiteMe the Firebug (level 7, -5/48 HPs)
             Began as a Demonspawn Fire Elementalist on Jan 7, 2024.
             Slain by Duvessa
             ... wielding a +2 rapier of electrocution
              (18 damage)
             ... on level 5 of the Dungeon.
             The game lasted 00:49:12 (6885 turns).

BiteMe the Firebug (Demonspawn Fire Elementalist)   Turns: 6885, Time: 00:49:13

Health: -5/48      AC:  6    Str: 11    XL:     7   Next: 30%
Magic:  2/13       EV: 28    Int: 16    God:
Gold:   173        SH:  0    Dex: 13    Spells: 11/14 levels left

rFire   . . .        H - +0 flail (heavy)
rCold   . . .        (no shield)
rNeg    . . .        y - +2 robe "Ome Johurem" {rPois}
rPois   +            u - +0 helmet
rElec   .            (no cloak)
rCorr   .            e - +0 pair of gloves
SInv    .            (no boots)
Will    .....        p - amulet of the acrobat
Stlth   ++           v - ring of poison resistance
HPRegen 0.28/turn    (no ring)
MPRegen 0.13/turn

%: acrobat
@: acrobatic
A: powered by death 2, demonic magic 2
a: no special abilities


You were on level 5 of the Dungeon.
You visited 1 branch of the dungeon, and saw 5 of its levels.

You collected 173 gold pieces.

Inventory:

Hand Weapons
 f - a +0 mace
 j - a +0 short sword
 q - a +0 spear
 s - a +0 short sword
 w - a +0 short sword
 E - a +0 hand axe
 G - a +0 spear
 H - a +0 heavy flail (weapon)
Armour
 a - a +0 robe
 e - a +0 pair of gloves (worn)
 r - a +0 ring mail
 u - a +0 helmet (worn)
 y - the +2 robe "Ome Johurem" (worn) {rPois}
   (You found it on level 4 of the Dungeon)

   rPois:     It protects you from poison.
 F - a +0 ring mail
 I - a +0 chain mail
Jewellery
 p - an amulet of the acrobat (around neck)
 v - a ring of poison resistance (left hand)
Wands
 k - a wand of flame (20)
 J - a wand of polymorph (15)
 K - a wand of mindburst (17)
 L - a wand of acid (3)
Scrolls
 c - 2 scrolls of poison {unknown}
 d - a scroll of enchant weapon {unknown}
 n - 2 scrolls of fog {unknown}
 o - 4 scrolls of teleportation
 t - a scroll of noise {unknown}
 x - a scroll of amnesia {unknown}
 A - a scroll of immolation {unknown}
 D - a scroll of blinking {unknown}
Potions
 b - a potion of magic
 g - a potion of attraction
 h - 2 potions of haste
 i - 4 potions of curing
 l - a potion of brilliance {unknown}
 m - 2 potions of might
 z - a potion of berserk rage {unknown}
 C - a potion of mutation {unknown}


   Skills:
 * Level 1.1 Fighting
 * Level 3.5 Dodging
 - Level 1.7 Stealth
 + Level 4.1 Spellcasting
 * Level 3.6 Conjurations
 * Level 4.8 Fire Magic


You had 11 spell levels left.
You knew the following spells:

 Your Spells              Type           Power      Damage    Failure   Level
a - Foxfire               Conj/Fire      64%        2x1d7     3%          1
b - Scorch                Fire           36%        2d7       3%          2

Your spell library contained the following spells:

 Spells                   Type           Power      Damage    Failure   Level
 Shock                    Conj/Air       36%        1d5       8%          1
 Momentum Strike          Conj/Tloc      18%        3d8       12%         2
 Inner Flame              Hex/Fire       11%        N/A       19%         3
 Volatile Blastmotes      Fire/Tloc      22%        2d11      19%         3
 Blink                    Tloc           6%         N/A       26%         2
 Lesser Beckoning         Tloc           6%         N/A       26%         2
 Flame Wave               Conj/Fire      16%        2d7       28%         4
 Swiftness                Air            3%         N/A       45%         3
 Tukima's Dance           Hex            3%         N/A       45%         3
 Airstrike                Air            1%         2d(1-17)  86%         4
 Passage of Golubria      Tloc           3%         N/A       86%         4
 Yara's Violent Unravell  Hex/Tmut       1%         3d3       99%         5


Dungeon Overview and Level Annotations

Branches:
Dungeon (5/15)
 Temple: D:4-7

Altars:

Shops:
D:5 (

Annotations:
D:5 Dowan, Duvessa


Innate Abilities, Weirdness & Mutations

You regenerate health from kills.
Spells you cast may paralyse nearby enemies.


Message History

Duvessa is lightly wounded.
Duvessa zaps a wand.
The puff of flame hits you.
Casting: Scorch (safe; 3% risk of failure)
Confirm with . or Enter, or press ? or * to list all spells.
Flames lash the orc.
The orc is burned terribly!
You kill the orc!
Malevolent energies surge around you.
You hear a shout!
Casting: Scorch (safe; 3% risk of failure)
Confirm with . or Enter, or press ? or * to list all spells.
Flames lash Duvessa but do no damage.
Malevolent energies surge around you.
Duvessa suddenly stops moving!
Casting: Scorch (safe; 3% risk of failure)
Confirm with . or Enter, or press ? or * to list all spells.
Flames lash Duvessa.
Duvessa is lightly wounded.
Duvessa's fire resistance burns away.
Malevolent energies surge around you.
The helpless Duvessa fails to defend herself.
You hit Duvessa but do no damage.
Duvessa is lightly wounded.
The helpless Duvessa fails to defend herself.
You hit Duvessa but do no damage.
Duvessa is lightly wounded.
Duvessa is no longer paralysed.
Duvessa is no longer more vulnerable to fire.
Duvessa zaps a wand.
The puff of flame hits you!
Dowan mumbles some strange words.
Dowan blinks!
Duvessa zaps a wand.
The puff of flame hits you.
Casting: Scorch (safe; 3% risk of failure)
Confirm with . or Enter, or press ? or * to list all spells.
Flames lash Duvessa.
Duvessa is moderately wounded.
Duvessa's fire resistance burns away.
Malevolent energies surge around you.
Duvessa zaps a wand.
The puff of flame hits you.
Duvessa zaps a wand.
The puff of flame hits you. Duvessa attacks as you move away!
Duvessa hits you with a +2 rapier of electrocution!
* * * LOW HITPOINT WARNING * * *
You are electrocuted!!
You die...

#######
#...∩.#
#.....####
.
#......@.#
.
#<....##e#
.
#.....##{#
.
########e#
. #..e...#
#e####.#
#. #.# o.
#)# e..
#....o...


You could see Duvessa (combustible) and Dowan.

Vanquished Creatures
  Menkaure (D:4)
  Edmund (D:4)
  A phantom (D:5)
  A scorpion (D:4)
  3 orc priests (D:4)
  An iguana (D:4)
  Ijyb (D:4)
  2 orc wizards
  An adder (D:2)
  A shadow imp (D:4)
  An ufetubus (D:4)
  2 worms
  2 dart slugs
  8 orcs
  4 bats
  7 endoplasms
  5 giant cockroaches
  6 goblins
  6 hobgoblins
  9 kobolds
  5 quokkas
  8 ball pythons
  5 frilled lizards
  5 rats
86 creatures vanquished.

Vanquished Creatures (collateral kills)
  3 foxfires (D:4)
3 creatures vanquished.

Vanquished Creatures (others)
  A minotaur (D:1)
  A demonspawn (D:1)
  A draconian (D:1)
  A merfolk (D:1)
  2 formicids (D:1)
  A vampire (D:1)
  A naga (D:1)
  A tengu (D:1)
  2 felids (D:1)
  A kobold (D:1)
  208 foxfires
  5 tentacles (D:1)
225 creatures vanquished.

Grand Total: 314 creatures vanquished

Notes
Turn   | Place    | Note
-------+----------+-------------------------------------------
     0 | D:1      | BiteMe the Demonspawn Fire Elementalist began the quest for
                  | the Orb.
     0 | D:1      | Reached XP level 1. HP: 13/13 MP: 3/3
     0 | D:1      | Noticed a minotaur
     0 | D:1      | Noticed a felid
     0 | D:1      | Noticed a formicid
     0 | D:1      | Noticed a tengu
     0 | D:1      | Noticed a draconian
     0 | D:1      | Noticed a kraken
     0 | D:1      | Noticed a naga
     0 | D:1      | Noticed a demonspawn
     0 | D:1      | Noticed a vampire
     0 | D:1      | Noticed a felid
     0 | D:1      | Noticed a merfolk
     0 | D:1      | Noticed a formicid
     5 | D:1      | Killed a draconian
     6 | D:1      | Killed a tengu
     7 | D:1      | Killed a minotaur
     7 | D:1      | Killed a vampire
     8 | D:1      | Killed a formicid
     9 | D:1      | Killed a merfolk
     9 | D:1      | Killed a felid
    10 | D:1      | Killed a felid
    10 | D:1      | Killed a naga
    10 | D:1      | Killed a formicid
    13 | D:1      | Killed a demonspawn
   595 | D:1      | Gained mutation: Spells you cast may paralyse adjacent
                  | enemies. [demonic ancestry]
   595 | D:1      | Reached XP level 2. HP: 19/19 MP: 1/5
  1785 | D:2      | Reached XP level 3. HP: 24/24 MP: 4/6
  2544 | D:2      | Learned a level 2 spell: Scorch
  3631 | D:3      | Gained mutation: Spells you cast may paralyse nearby
                  | enemies. [demonic ancestry]
  3631 | D:3      | Reached XP level 4. HP: 30/30 MP: 4/7
  4403 | D:4      | Identified the +2 robe "Ome Johurem" {rPois}
  4753 | D:4      | Noticed a scorpion
  4897 | D:4      | Killed a scorpion
  4898 | D:4      | Reached XP level 5. HP: 29/35 MP: 0/9
  4978 | D:5      | Entered Level 5 of the Dungeon
  4981 | D:5      | Noticed a phantom
  4987 | D:5      | Killed a phantom
  5174 | D:4      | Gained mutation: You regenerate a little health from kills.
                  | [demonic ancestry]
  5174 | D:4      | Reached XP level 6. HP: 17/41 MP: 0/11
  5572 | D:4      | Noticed Ijyb
  5868 | D:4      | HP: 1/41 [Ijyb/+0 club (8)]
  5870 | D:4      | Killed Ijyb
  6146 | D:4      | Noticed Menkaure
  6150 | D:4      | Killed Menkaure
  6151 | D:4      | Gained mutation: You regenerate health from kills. [demonic
                  | ancestry]
  6151 | D:4      | Reached XP level 7. HP: 39/47 MP: 7/12
  6197 | D:4      | Noticed Edmund
  6209 | D:4      | Killed Edmund
  6210 | D:4      | Reached skill level 1 in Fighting
  6830 | D:5      | Found Qoal's Antique Weapon Emporium.
  6854 | D:5      | Noticed Dowan
  6869 | D:5      | Noticed Duvessa
  6885 | D:5      | Slain by Duvessa

Illustrated notes

Levels and vault maps discovered:
D:1:      nicolae_arrival_kraken_aquarium_a, layout_basic,
          grunt_decor_resistance
D:2:      layout_loops_ring
D:3:      layout_loops_ring
D:4:      layout_rooms, serial_forest, infiniplex_forest_clump_cross,
          infiniplex_forest_split, infiniplex_forest_corner_1,
          infiniplex_forest_corner_1, infiniplex_forest_clump_cross,
          infiniplex_forest_end_3, infiniplex_forest_clump_medium,
          hangedman_abyss_or_decor_passed, uniq_edmund, uniq_ijyb, uniq_menkaure
D:5:      layout_loops_cross, serial_shops, shop, uniq_duvessa

Skill      XL: |  1  2  3  4  5  6  7 |
---------------+----------------------+-----
Fire Magic     | 3 4 |  4.8
Dodging        | 2 3 |  3.5
Conjurations   | 2 3 |  3.6
Spellcasting   | 3 4 |  4.1
Fighting       | 1 |  1.1
Stealth        | |  1.7

Action                     |  1- 3 |  4- 6 |  7- 9 || total
---------------------------+-------+-------+-------++-------
  Melee: Mace              |    18 |   110 |     5 ||   133
         Punch             |     1 |     6 |     3 ||    10
         Short sword       |       |    28 |       ||    28
         Flail             |       |       |    55 ||    55
   Cast: Foxfire           |    57 |    61 |     3 ||   121
         Scorch            |     3 |    24 |    11 ||    38
    Use: Scroll            |     3 |       |     1 ||     4
   Stab: Paralysed         |     4 |     1 |     6 ||    11
         Sleeping          |     1 |       |       ||     1
 Armour: Robe              |     3 |     3 |       ||     6
  Dodge: Dodged            |    20 |    18 |     1 ||    39
